 Dungeon Crawl Stone Soup version 0.18.1-48-g4cf74bf (webtiles) character file.

2573 Banto the Poker (level 9, -15/111 HPs)
             Began as a Demigod Wanderer on Aug 30, 2016.
             Killed from afar by Erolcha (30 damage)
             ... with a bolt of lightning
             ... on level 8 of the Dungeon.
             The game lasted 00:14:26 (8934 turns).

Banto the Poker (Demigod Wanderer)                  Turns: 8934, Time: 00:14:27

Health: -15/111    AC: 10    Str: 25    XL:     9   Next: 10%
Magic:  15/15      EV: 10    Int: 17    God:
Gold:   213        SH:  6    Dex: 18    Spells: 0 memorised, 12 levels left

rFire  . . .     SeeInvis .     a - +2 trident (elec)
rCold  . . .     Gourm    .     o - +0 ring mail
rNeg   . . .     Faith    .     d - +0 buckler
rPois  .         Spirit   .     s - +0 helmet
rElec  .         Dismiss  .     k - +1 cloak
rCorr  .         Reflect  .     t - +0 pair of gloves
SustAt +         Harm     .     (no boots)
MR     .....                    (no amulet)
Stlth  ..........               G - ring of Vojeupn {Str+3 Stlth-}
                                y - ring of loudness (curse)

@: berserking, very quick, not resistant to hostile enchantments, extremely
unstealthy
A: high mp 1, sustain attributes
a: no special abilities


You were on level 8 of the Dungeon.
You were not hungry.

You visited 1 branch of the dungeon, and saw 8 of its levels.

You collected 525 gold pieces.
You spent 312 gold pieces at shops.

Inventory:

Hand Weapons
 a - a +2 trident of electrocution (weapon)
 b - a +0 blowgun
Missiles
 K - 11 poisoned needles
Armour
 d - a +0 buckler (worn)
 k - a +1 cloak (worn)
 o - a +0 ring mail (worn)
 s - a +0 helmet (worn)
 t - a +0 pair of gloves (worn)
Jewellery
 h - an uncursed ring of positive energy
 x - an uncursed ring of positive energy
 y - a cursed ring of loudness (left hand)
 G - the ring of Vojeupn (right hand) {Str+3 Stlth-}
   (You bought it in a shop on level 6 of the Dungeon)

   [ring of loudness]

   It affects your strength (+3).
   It makes you less stealthy.
 I - a cursed ring of teleportation {unknown}
Wands
 E - a wand of confusion (28/48)
 H - a wand of digging (11/24)
Scrolls
 n - 4 scrolls of amnesia
 p - 3 scrolls of magic mapping
 r - 4 scrolls of remove curse
 w - 3 scrolls of teleportation
 C - 4 scrolls of enchant weapon
 D - 2 scrolls of fear
Potions
 c - a potion of cure mutation
 e - a potion of magic {unknown}
 g - a potion of degeneration {unknown}
 m - a potion of agility {unknown}
 q - a potion of might {unknown}
 u - a potion of berserk rage
 v - 3 potions of curing {unknown}
 z - a potion of invisibility
 A - a potion of heal wounds
 F - a potion of cancellation {unknown}
 J - a potion of haste {unknown}
 L - a potion of flight {unknown}
Comestibles
 f - 6 bread rations
 i - 6 meat rations
 j - 2 beef jerkies
 l - 2 fruits
 B - a slice of pizza


   Skills:
 - Level 5.1 Fighting
 + Level 7.0 Polearms
 - Level 5.0 Armour
 - Level 1.0 Stealth
 - Level 5.1 Shields
 - Level 2.0 Spellcasting
   Level 1.7 Summonings
   Level 1.0 Translocations
   Level 2.6 Transmutations


You had 12 spell levels left.
You didn't know any spells.

Dungeon Overview and Level Annotations

Branches:
Dungeon (8/15)             Temple (0/1) D:4
   Lair: D:8-11

Shops:
D:5 %   D:6 *

Annotations:
D:8 Erolcha


Innate Abilities, Weirdness & Mutations

You have an increased reservoir of magic (+10% MP).
Your attributes are resistant to harm.


Message History

Erolcha gestures at you while chanting. The bolt of lightning misses you.
The bolt of lightning hits you!
Drink which item? (? for menu, Esc to quit)
A red film seems to cover your vision as you go berserk!
You feel yourself moving faster!
You feel mighty!
You hit Erolcha.
Erolcha is moderately wounded.
Erolcha barely misses you.
You completely miss Erolcha.
Erolcha is heavily wounded.
You puncture Erolcha!
Erolcha is severely wounded.
Erolcha hits you with a giant club!
You barely miss Erolcha.
Erolcha is severely wounded.
Erolcha gestures at you while chanting. The bolt of lightning hits you!
* * * LOW HITPOINT WARNING * * *
The bolt of lightning hits you!
You die...

##..###..##
#........#
#..........
##..#.......
##...##.......
#...###........
#.#.#
#.......##
##.#.# ......
#..@O##....
##.##....#
##...#..##
##O#....##
#(#.....#
#.#(..# .
####(## ..#
....


You could see Erolcha.

Vanquished Creatures
  Grinder (D:3)
  Sigmund (D:3)
  Duvessa (D:7)
  The ghost of Gottschkopf the Magician, an amateur DECj of Vehumet (D:3)
  A sky beast (D:6)
  2 ice beasts
  5 ogres
  A centaur (D:5)
  Blork the orc (D:6)
  A giant frog (D:6)
  A big kobold (D:8)
  Dowan (D:7)
  A wyvern skeleton (D:3)
  2 scorpions
  A howler monkey (D:7)
  2 crimson imps (D:8)
  A jelly (D:5)
  2 hounds (D:6)
  4 orc wizards
  Terence (D:3)
  Jessica (D:3)
  3 iguanas
  Natasha (thrice) (D:4)
  6 worker ants
  Robin (D:3)
  A gnoll (D:4)
  7 adders
  A shadow imp (D:7)
  An ooze (D:3)
  2 adder skeletons
  A worm (D:2)
  A dart slug (D:1)
  7 giant geckos
  22 orcs
  5 ball pythons
  5 giant cockroaches
  16 goblins
  9 hobgoblins
  6 jackals
  5 quokkas
  9 bats
  A giant gecko skeleton (D:5)
  6 giant newts
  A jackal skeleton (D:4)
  9 kobolds
  A quokka zombie (D:5)
  9 rats
170 creatures vanquished.

Vanquished Creatures (others)
  A fulminant prism (D:3)
1 creature vanquished.

Grand Total: 171 creatures vanquished

Notes
Turn   | Place    | Note
--------------------------------------------------------------
     0 | D:1      | Banto the Demigod Wanderer began the quest for the Orb.
     0 | D:1      | Banto set off with: a +2 dagger, a scroll of fear, the Grimoire of Changing, a +0 buckler, a +0 robe, a bread ration
     0 | D:1      | Reached XP level 1. HP: 14/14 MP: 5/5
     2 | D:1      | Identified the Grimoire of Changing
   178 | D:3      | Noticed Terence
   408 | D:1      | Reached skill level 1 in Fighting
   502 | D:1      | Reached XP level 2. HP: 21/23 MP: 7/7
  1494 | D:2      | Reached XP level 3. HP: 18/29 MP: 8/8
  2435 | D:3      | Noticed Jessica
  2466 | D:3      | Killed Jessica
  2466 | D:3      | Reached XP level 4. HP: 22/38 MP: 9/9
  2632 | D:3      | Noticed Gottschkopf's ghost (amateur DECj)
  2950 | D:3      | Killed Gottschkopf's ghost
  2950 | D:3      | Reached XP level 5. HP: 35/46 MP: 10/10
  3141 | D:3      | Reached skill level 1 in Armour
  3155 | D:3      | Found a shimmering altar of Xom.
  3257 | D:3      | Noticed Robin
  3279 | D:3      | Killed Robin
  3308 | D:3      | Found a deep blue altar of Sif Muna.
  3351 | D:3      | Noticed Sigmund
  3400 | D:3      | Noticed Grinder
  3409 | D:3      | Paralysed by Grinder for 3 turns
  3413 | D:3      | Paralysed by Grinder for 6 turns
  3746 | D:4      | Found a staircase to the Ecumenical Temple.
  4043 | D:4      | Noticed Natasha
  4047 | D:4      | Killed Natasha
  4202 | D:4      | Reached XP level 6. HP: 38/55 MP: 12/12
  4417 | D:4      | Reached skill level 5 in Fighting
  4680 | D:4      | Noticed Natasha
  4693 | D:4      | Killed Natasha
  4913 | D:4      | Noticed Natasha
  4922 | D:4      | Killed Natasha
  5032 | D:4      | Reached skill level 1 in Polearms
  5107 | D:4      | Found a basalt altar of Yredelemnul.
  5113 | D:4      | Found a sacrificial altar of Ru.
  5114 | D:4      | Found a shadowy altar of Dithmenos.
  5115 | D:4      | Found a shattered altar of Ashenzari.
  5118 | D:4      | Found a radiant altar of Vehumet.
  5426 | D:3      | Killed Sigmund
  5426 | D:3      | Reached skill level 2 in Polearms
  5426 | D:3      | Reached XP level 7. HP: 36/61 MP: 13/13
  5991 | D:3      | Paralysed by Grinder for 6 turns
  6012 | D:3      | Killed Grinder
  6012 | D:3      | Reached skill level 3 in Polearms
  6182 | D:3      | Reached skill level 5 in Armour
  6200 | D:3      | Killed Terence
  6356 | D:5      | Entered Level 5 of the Dungeon
  6588 | D:5      | Reached skill level 4 in Polearms
  6588 | D:5      | Reached XP level 8. HP: 43/68 MP: 14/14
  7047 | D:5      | Found Turoc's Food Emporium.
  7418 | D:6      | Found Perphut's Assorted Antiques.
  7427 | D:6      | Bought a scroll labeled NUSHRA DUUPTO for 26 gold pieces
  7427 | D:6      | Bought a ring mail for 104 gold pieces
  7427 | D:6      | Bought a scroll of identify for 52 gold pieces
  7636 | D:6      | Reached skill level 5 in Polearms
  7954 | D:6      | Noticed Blork the orc
  7962 | D:6      | Killed Blork the orc
  8181 | D:6      | Bought a twitching bone ring for 130 gold pieces
  8182 | D:6      | Identified the ring of Vojeupn {Str+3 Stlth-} (You bought it in a shop on level 6 of the Dungeon)
  8251 | D:7      | Found a stormy altar of Qazlal.
  8277 | D:7      | Reached skill level 6 in Polearms
  8307 | D:7      | Noticed Duvessa
  8308 | D:7      | Noticed Dowan
  8384 | D:7      | Killed Duvessa
  8384 | D:7      | Reached skill level 5 in Shields
  8389 | D:7      | Killed Dowan
  8389 | D:7      | Reached XP level 9. HP: 63/74 MP: 15/15
  8891 | D:8      | Reached skill level 7 in Polearms
  8914 | D:8      | Noticed Erolcha
  8934 | D:8      | Killed from afar by Erolcha

Skill      XL: |  1  2  3  4  5  6  7  8  9 |
---------------+----------------------------+-----
Spellcasting   | 2 |  2.0
Fighting       | 1 2 3 4 5 |  5.1
Armour         | 2 4 5 |  5.0
Polearms       | 2 4 6 7 |  7.0
Shields        | 2 5 |  5.1
Stealth        | |  1.0
Summonings     | |  1.7
Translocations | |  1.0
Transmutations | |  2.6

Action                   |  1- 3 |  4- 6 |  7- 9 || total
-------------------------+-------+-------+-------++-------
Melee: Dagger            |   196 |    53 |       ||   249
       Falchion          |       |   176 |       ||   176
       Whip              |       |    43 |    30 ||    73
       Trident           |       |       |   149 ||   149
 Fire: Blowgun           |       |       |     5 ||     5
Evoke: Wand              |       |     4 |       ||     4
  Use: Scroll            |     6 |     2 |     6 ||    14
       Potion            |       |     1 |     1 ||     2
 Stab: Sleeping          |     3 |       |       ||     3
       Distracted        |       |     1 |       ||     1
  Eat: Chunk             |     5 |    10 |    11 ||    26
Armor: Robe              |    21 |       |       ||    21
       Ring mail         |    39 |   122 |    46 ||   207
Dodge: Dodged            |    67 |   123 |    37 ||   227
Block: Buckler           |    32 |    48 |    41 ||   121
